Map: Романтицид РВ

Players

KonekoNoHasu

  • Race: Terran Terran
  • League: Master
  • Spawn Location: 11:00

Kantara - Winner!

  • Race: Protoss Protoss
  • Spawn Location: 5:00

VOD

Have the link to the VOD?

Description

Time

  • Played on: Oct. 6, 2020, 2:06 p.m.
  • Length: 7:18
Show
View Real Time Build Order
Export as new Build Order

KonekoNoHasu Terran 

Build Orders: Command Center First (CC) 

Get SALT Encoding   

  12  0:01  SCV  
  13  0:13  SCV  
  14  0:17  Supply Depot  
  14  0:25  SCV  
  15  0:38  SCV  
  16  0:50  SCV  
  17  1:00  Command Center  
  17  1:03  SCV  
  18  1:15  SCV  
  19  1:23  Barracks  
  19  1:27  SCV  
  20  1:36  Barracks  
  20  1:39  SCV  
  21  1:46  Barracks  
  21  1:55  SCV  
  21  2:00  Supply Depot  
  22  2:10  Orbital Command  
  22  2:13  Orbital Command  
  22  2:27  Barracks  
  22  2:34  Marine x3  
  25  2:40  SCV  
  25  2:41  SCV  
  27  2:46  Supply Depot  
  27  2:53  Barracks, SCV x2  
  27  2:54  Marine x2  
  27  2:56  Marine  
  32  3:07  Barracks, SCV  
  32  3:08  SCV  
  32  3:11  Supply Depot  
  34  3:14  Marine x2  
  34  3:16  Marine  
  34  3:18  Marine  
  39  3:20  SCV  
  39  3:24  SCV  
  40  3:32  Marine x2, SCV  
  40  3:33  Marine  
  44  3:35  Supply Depot  
  44  3:36  Marine  
  44  3:39  SCV  
  46  3:42  Marine  
  46  3:44  SCV  
  48  3:50  Marine x2  
  48  3:51  Marine  
  48  3:52  SCV  
  48  3:54  Marine x2  
  54  3:56  SCV  
  54  4:00  Supply Depot, Marine  
  56  4:04  SCV  
  56  4:05  Supply Depot  
  56  4:08  Marine x2  
  56  4:09  Marine  
  60  4:12  Marine x2  
  62  4:18  Marine, SCV x2  
  62  4:24  Command Center  
  65  4:25  Marine x2  
  65  4:27  Marine  
  65  4:29  Marine  
  65  4:30  Marine, SCV x2  
  72  4:35  Marine  
  72  4:36  Supply Depot  
  73  4:38  Supply Depot  
  73  4:42  SCV  
  73  4:43  Marine x2  
  73  4:45  Marine  
  77  4:47  Marine, SCV  
  77  4:49  Marine  
  79  4:53  Marine  
  79  4:54  SCV  
  79  4:56  Barracks  
  79  4:59  SCV  
  79  5:00  Barracks  
  79  5:01  Marine x2  
  79  5:06  Marine x2, SCV  
  84  5:07  Marine  
  84  5:11  Marine, SCV  
  83  5:18  SCV  
  73  5:22  Marine  
  73  5:23  Marine x2  
  73  5:24  Marine  
  73  5:25  Marine  
  77  5:29  Marine  
  77  5:30  Barracks x2  
  77  5:31  Barracks  
  78  5:35  Refinery x2  
  78  5:38  Refinery x2  
  78  5:40  Marine x2, SCV x2  
  78  5:41  Orbital Command  
  82  5:46  Marine  
  82  5:47  Marine x2  
  85  5:51  Supply Depot  
  85  5:55  Supply Depot  
  85  5:59  Orbital Command  
  85  6:03  Marine  
  86  6:10  Command Center  
  86  6:13  SCV x2  
  88  6:25  Marine x8, SCV x2  
  90  6:26  Marine  
  92  6:35  Marine x2  
  87  6:43  Marine x6  
  87  6:44  Marine x2  
  89  6:53  SCV  
  86  6:55  Marine  
  86  6:56  Marine  
  86  7:00  Marine  
Show
View Real Time Build Order
Export as new Build Order

Kantara Protoss - Winner!

Build Orders: 1 Gate Expand 

Get SALT Encoding   

  12  0:01  Probe  
  13  0:13  Probe  
  14  0:18  Pylon  
  14  0:25  Probe (Chrono Boost)  
  15  0:38  Probe (Chrono Boost)  
  15  0:40  Gateway  
  16  0:45  Probe (Chrono Boost)  
  16  0:47  Assimilator  
  17  0:55  Probe  
  18  1:07  Probe  
  19  1:19  Probe  
  20  1:31  Probe, Nexus  
  21  1:39  Cybernetics Core  
  21  1:43  Pylon  
  21  1:49  Assimilator  
  21  1:50  Probe (Chrono Boost)  
  23  2:02  Probe (Chrono Boost)  
  23  2:08  Probe (Chrono Boost)  
  23  2:15  Adept (Chrono Boost)  
  24  2:20  Probe  
  27  2:25  Twilight Council  
  27  2:32  Pylon, Probe  
  28  2:38  Adept  
  31  2:44  Probe  
  31  2:45  Probe  
  31  2:46  Warp Gate (Chrono Boost)  
  32  2:56  Probe  
  33  2:58  Probe  
  33  2:59  Charge (Chrono Boost)  
  34  3:06  Robotics Facility  
  34  3:08  Probe  
  34  3:11  Probe  
  36  3:21  Gateway  
  36  3:24  Gateway  
  36  3:30  Stalker  
  38  3:41  Pylon  
  38  3:50  Gateway  
  38  3:51  Warp Prism (Chrono Boost)  
  38  3:54  Gateway  
  40  4:03  Pylon  
  40  4:07  Gateway x2  
  40  4:17  Gateway  
  40  4:20  Gateway  
  37  4:42  Shield Battery  
  37  4:44  Zealot  
  37  4:45  Zealot x2  
  43  4:49  Pylon  
  43  4:51  Pylon  
  35  5:05  Zealot  
  35  5:06  Zealot x6  
  40  5:14  Probe x2  
  40  5:16  Warp Prism (Chrono Boost)  
  41  5:26  Probe x2  
  43  5:37  Gateway  
  43  5:39  Gateway  
  43  5:43  Pylon  
  43  5:46  Pylon  
  43  5:52  Gateway  
  43  5:59  Pylon  
  43  6:00  Pylon  
  43  6:18  Zealot x7  
  47  6:19  Zealot x2  
  57  6:42  Zealot x6  
  36  7:09  Zealot  
Tags
 
Add a new tag
Caveats
  • Supply blocks, unpowered buildings, or Contaminate may cause inaccurate times.
  • Supply counts are checked every 10 seconds.